Map: 큐리어스 마인즈 - 래더

Players

Prince

  • Race: Protoss Protoss
  • League: Grandmaster

Solar - Winner!

  • Race: Zerg Zerg
  • League: Master

Event: DreamHack SC2 Masters Last Chance 2022

VOD

Have the link to the VOD?

Description

Time

  • Played on: Dec. 15, 2021, 4:14 a.m.
  • Length: 9:19

All games in this series

Show
View Real Time Build Order
Export as new Build Order

Prince Protoss 

Build Orders: 1 Gate Expand, Mass Adepts 

Get SALT Encoding   

  12  0:00  Probe  
  13  0:13  Pylon  
  13  0:17  Probe (Chrono Boost)  
  14  0:27  Probe (Chrono Boost)  
  15  0:32  Probe (Chrono Boost)  
  16  0:38  Gateway  
  16  0:43  Probe  
  16  0:48  Assimilator  
  17  0:56  Probe  
  18  1:08  Probe  
  19  1:20  Probe  
  19  1:24  Nexus  
  20  1:34  Cybernetics Core  
  20  1:37  Probe  
  21  1:44  Assimilator  
  21  1:49  Probe  
  21  1:51  Pylon  
  22  2:01  Probe  
  23  2:08  Adept (Chrono Boost)  
  23  2:11  Warp Gate  
  23  2:13  Probe  
  26  2:24  Twilight Council  
  26  2:25  Probe  
  26  2:27  Adept (Chrono Boost)  
  29  2:39  Probe x2  
  31  2:46  Robotics Facility  
  31  2:56  Probe  
  31  2:57  Probe  
  33  3:03  Adept  
  35  3:06  Gateway  
  35  3:09  Gateway  
  35  3:13  Resonating Glaives (Chrono Boost), Probe x2  
  37  3:28  Gateway  
  37  3:33  Adept  
  39  3:35  Warp Prism (Chrono Boost)  
  41  3:43  Pylon  
  41  3:45  Probe  
  41  3:46  Probe  
  43  3:53  Pylon  
  43  4:03  Adept  
  43  4:04  Adept  
  43  4:05  Probe x2  
  43  4:09  Pylon  
  49  4:23  Adept x2  
  49  4:24  Adept x2  
  57  4:25  Probe x2  
  55  4:47  Adept x4  
  55  4:51  Pylon  
  49  5:01  Probe  
  49  5:02  Probe  
  49  5:09  Immortal (Chrono Boost)  
  49  5:10  Adept x4  
  61  5:14  Pylon  
  61  5:32  Adept x4  
  61  5:35  Probe x2  
  71  5:37  Assimilator  
  71  5:41  Assimilator  
  71  5:44  Pylon  
  71  5:47  Immortal (Chrono Boost), Pylon  
  75  5:54  Probe x2  
  77  6:01  Pylon  
  77  6:11  Adept  
  77  6:13  Probe x2  
  77  6:15  Stalker  
  83  6:21  Adept  
  85  6:26  Nexus  
  85  6:28  Pylon  
  85  6:31  Pylon  
  85  6:35  Observer  
  86  6:50  Adept x2  
  86  6:51  Adept x2  
  94  6:55  Blink  
  94  6:56  Forge  
  94  6:59  Probe  
  94  7:00  Probe  
  93  7:11  Adept x4  
  77  7:36  Stalker  
  77  7:37  Stalker x3  
  74  7:41  Probe x2  
  74  7:43  Immortal (Chrono Boost)  
  74  7:44  Nexus  
  70  7:46  Pylon  
  70  7:47  Pylon  
  74  8:05  Observer  
  74  8:06  Stalker x3, Nexus  
  74  8:09  Stalker  
  82  8:15  Shield Battery  
  82  8:21  Probe x2  
  84  8:31  Sentry x3  
  84  8:32  Gateway, Sentry  
  84  8:33  Gateway  
  92  8:37  Gateway  
  92  8:45  Gateway  
  90  8:56  Stalker x2, Sentry x2  
  90  9:02  Shield Battery  
Show
View Real Time Build Order
Export as new Build Order

Solar Zerg - Winner!

Build Orders: Hatch First 

Get SALT Encoding   

  12  0:00  Drone  
  13  0:12  Overlord  
  13  0:17  Drone  
  14  0:31  Drone x2  
  16  0:49  Hatchery  
  15  0:51  Drone  
  15  0:54  Drone  
  17  0:57  Drone  
  18  1:08  Extractor  
  17  1:13  Spawning Pool  
  17  1:16  Drone  
  17  1:19  Drone  
  18  1:28  Drone  
  19  1:39  Drone  
  20  1:50  Overlord  
  20  2:00  Queen x2  
  24  2:01  Zergling x4  
  26  2:12  Drone x2  
  26  2:14  Metabolic Boost  
  28  2:23  Drone x2  
  30  2:36  Hatchery  
  29  2:38  Drone  
  30  2:45  Queen  
  30  2:49  Overlord  
  32  2:52  Zergling x2  
  32  2:55  Drone  
  32  2:57  Drone  
  35  3:05  Zergling x2  
  35  3:11  Drone x3  
  38  3:13  Zergling x2  
  38  3:15  Drone x3  
  38  3:17  Overlord  
  42  3:20  Drone  
  43  3:33  Roach Warren  
  43  3:34  Drone, Extractor  
  41  3:35  Drone  
  41  3:37  Drone  
  44  3:41  Drone x3  
  44  3:42  Drone  
  44  3:44  Drone  
  49  3:50  Drone  
  49  3:51  Overlord  
  50  3:56  Spine Crawler  
  50  3:57  Overlord  
  49  4:03  Zergling x2  
  50  4:10  Zergling x2  
  50  4:12  Zergling x6, Roach  
  50  4:13  Roach x2  
  50  4:14  Roach  
  62  4:17  Zergling x2  
  62  4:20  Zergling x2  
  62  4:21  Zergling x2  
  65  4:26  Zergling x2, Overlord  
  65  4:27  Zergling x4  
  65  4:29  Zergling x4  
  70  4:32  Zergling x2  
  70  4:33  Zergling x2  
  72  4:40  Zergling x4  
  64  4:46  Zergling x8  
  64  4:49  Zergling x2  
  63  4:54  Zergling x10  
  66  5:01  Zergling x8  
  66  5:02  Ravager  
  66  5:04  Overlord  
  69  5:08  Drone  
  69  5:12  Drone  
  72  5:14  Ravager x2  
  72  5:15  Drone  
  73  5:23  Drone x2  
  73  5:27  Drone  
  72  5:29  Drone x2  
  72  5:30  Overlord, Extractor  
  72  5:32  Roach  
  72  5:33  Ravager  
  76  5:37  Roach  
  76  5:39  Lair  
  76  5:41  Roach x2  
  76  5:42  Zergling x2, Roach  
  85  5:48  Queen  
  87  5:50  Zergling x4  
  87  5:56  Zergling x10  
  94  5:59  Roach  
  94  6:00  Overlord  
  94  6:02  Zergling x2  
  97  6:04  Overlord  
  97  6:10  Ravager, Overlord  
  98  6:17  Overlord  
  98  6:19  Roach x2  
  98  6:20  Roach x2  
  98  6:23  Roach x2  
  108  6:26  Drone  
  108  6:32  Drone x4  
  113  6:33  Drone  
  113  6:36  Extractor  
  113  6:37  Overseer  
  113  6:39  Glial Reconstitution  
  114  6:40  Drone, Zergling x2  
  114  6:44  Overlord  
  114  6:45  Extractor  
  114  6:46  Roach  
  116  6:49  Ravager  
  116  6:53  Roach x2  
  116  6:54  Zergling x2  
  122  6:56  Overlord  
  122  7:00  Overlord  
  121  7:04  Roach x2  
  123  7:10  Roach x3  
  123  7:12  Roach  
  124  7:16  Roach x2  
  124  7:18  Zergling x4  
  124  7:22  Roach x2  
  126  7:26  Evolution Chamber  
  126  7:27  Zergling x4  
  126  7:28  Zergling x2  
  119  7:31  Zergling x2  
  119  7:36  Zergling x8  
  114  7:38  Zergling x2  
  114  7:40  Zergling x6  
  114  7:42  Drone  
  116  7:46  Queen  
  118  7:51  Drone x3  
  118  7:53  Drone  
  118  7:56  Drone  
  118  7:57  Drone  
  124  7:58  Drone  
  124  8:03  Queen  
  123  8:06  Drone x2  
  123  8:12  Drone  
  126  8:17  Drone x2  
  126  8:18  Spire  
  127  8:20  Zergling x4, Extractor  
  127  8:23  Ravager  
  129  8:29  Overlord x2  
  129  8:31  Drone x3  
  129  8:33  Zergling x4  
  134  8:38  Zergling x2  
  134  8:41  Overlord  
  135  8:42  Zergling x2  
  135  8:47  Zergling x2  
  135  8:51  Zergling x8  
  135  8:53  Overlord  
  139  9:00  Overlord  
  134  9:14  Ravager  
  131  9:18  Ravager  

Tags
 
Add a new tag
Caveats
  • Supply blocks, unpowered buildings, or Contaminate may cause inaccurate times.
  • Supply counts are checked every 10 seconds.